[Event "Reykjavik Open 2025"]
[Site "Reykjavik"]
[Date "2025.04.10"]
[Round "2.35"]
[White "Kadovic, Tamara"]
[Black "Arndt, Uwe"]
[Result "0-1"]
[Annotator "NA"]
[ECO "B12"]
[WhiteElo "1612"]
[BlackElo "1956"]
[PlyCount "60"]
[EventDate "2025.04.09"]
[EventType "swiss"]
[EventCountry "ISL"]
[SourceTitle "playchess.com"]
[Source "ChessBase"]
[SourceQuality "1"]
[TimeControl "40/5400+30:1800+30"]

1. e4 c6 2. d4 d5 3. f3 e6 4. Nc3 Bb4 5. Bd2 Ne7 6. a3 Ba5 7. Nh3 Nd7 8. Bd3 O-O 9. e5 Nf5 10. Bg5 f6 11. exf6 Nxf6 12. O-O Nxd4 13. Kh1 e5 14. Nf2 Qd6 15. g3 Ne6 16. Bd2 Bc7 17. Qe2 Bd7 18. b4 Rae8 19. Na4 b6 20. Rad1 c5 21. c4 Bxa4 22. Rc1 Nd4 23. Qe1 Nxf3 24. Qe3 Nxd2 25. Qxd2 e4 26. b5 exd3 27. Qxd3 dxc4 28. Qxc4+ Qd5+ 29. Kg1 Qxc4 30. Rxc4 Bxb5 0-1

[Event "Reykjavik Open 2025"]
[Site "Reykjavik"]
[Date "2025.04.10"]
[Round "2.36"]
[White "Burgalat, Eliot"]
[Black "Terrieux, Kevin"]
[Result "0-1"]
[Annotator "RC"]
[ECO "B56"]
[WhiteElo "2119"]
[BlackElo "2394"]
[PlyCount "52"]
[EventDate "2025.04.09"]
[EventType "swiss"]
[EventCountry "ISL"]
[SourceTitle "playchess.com"]
[Source "ChessBase"]
[SourceQuality "1"]
[TimeControl "40/5400+30:1800+30"]

1. e4 c5 2. Nf3 d6 3. d4 cxd4 4. Nxd4 Nf6 5. Nc3 Bd7 6. f3 e5 7. Nb3 Be7 8. Be3 Be6 9. Bb5+ Nbd7 10. O-O a6 11. Bxd7+ Qxd7 12. Qd2 h6 13. Rfd1 O-O 14. a4 Rac8 15. a5 Rc4 16. Nc1 Rfc8 17. N1a2 Qc6 18. Rac1 Bd8 19. Qxd6 Bxa5 20. Qd3 Bb6 21. Nd5 Bxd5 22. exd5 Nxd5 23. Bxb6 Qxb6+ 24. Kh1 Nf4 25. Qb3 Qf2 26. Rg1 Ne2 0-1

[Event "Reykjavik Open 2025"]
[Site "Reykjavik"]
[Date "2025.04.10"]
[Round "2.37"]
[White "Willems, Niels"]
[Black "Omarsson, Adam"]
[Result "1-0"]
[Annotator "RC"]
[ECO "E68"]
[WhiteElo "2394"]
[BlackElo "2072"]
[PlyCount "81"]
[EventDate "2025.04.09"]
[EventType "swiss"]
[EventCountry "ISL"]
[SourceTitle "playchess.com"]
[Source "ChessBase"]
[SourceQuality "1"]
[TimeControl "40/5400+30:1800+30"]

1. c4 Nf6 2. Nc3 g6 3. g3 Bg7 4. Bg2 O-O 5. d4 d6 6. Nf3 Nbd7 7. O-O e5 8. Qc2 Re8 9. Rd1 c6 10. e4 Qc7 11. b3 a5 12. Ba3 exd4 13. Rxd4 Nc5 14. Rad1 Bg4 15. h3 Bxf3 16. Bxf3 Re6 17. Ne2 Ne8 18. Bxc5 dxc5 19. Rd7 Qe5 20. Nf4 Re7 21. Nd3 Qg5 22. h4 Qf6 23. e5 Qe6 24. Bg4 f5 25. exf6 Qxf6 26. Nxc5 Rxd7 27. Rxd7 b6 28. Ne6 Bh6 29. Qe4 Ng7 30. Qxc6 Rf8 31. Qxb6 Kh8 32. Qd4 Nxe6 33. Bxe6 Qxd4 34. Rxd4 Re8 35. Re4 Kg7 36. g4 Bd2 37. c5 Bb4 38. c6 Bd6 39. g5 h6 40. Kg2 hxg5 41. hxg5 1-0

[Event "Reykjavik Open 2025"]
[Site "Reykjavik"]
[Date "2025.04.10"]
[Round "2.38"]
[White "Cigan, Jason"]
[Black "Thorfinnsson, Bjorn"]
[Result "0-1"]
[Annotator "RC"]
[ECO "C90"]
[WhiteElo "2044"]
[BlackElo "2386"]
[PlyCount "136"]
[EventDate "2025.04.09"]
[EventType "swiss"]
[EventCountry "ISL"]
[SourceTitle "playchess.com"]
[Source "ChessBase"]
[SourceQuality "1"]
[TimeControl "40/5400+30:1800+30"]

1. e4 e5 2. Nf3 Nc6 3. Bb5 a6 4. Ba4 Nf6 5. O-O Be7 6. Re1 b5 7. Bb3 d6 8. c3 Na5 9. Bc2 c5 10. d4 Qc7 11. d5 Nc4 12. b3 Nb6 13. a4 O-O 14. a5 Nbd7 15. Nbd2 Nh5 16. Nf1 g6 17. Bh6 Ng7 18. g4 Nf6 19. h3 Kh8 20. Ng3 Ng8 21. Bxg7+ Kxg7 22. Kh2 Qd7 23. Rh1 h5 24. gxh5 Qxh3+ 25. Kg1 Qg4 26. Kf1 Qf4 27. Qd3 Bg4 28. Ne1 Nf6 29. Ng2 Qg5 30. Ne3 Rh8 31. Rg1 Bh3+ 32. Ke2 Nxh5 33. Ngf5+ Kf8 34. Rxg5 Nf4+ 35. Kf3 Bxg5 36. Qd2 gxf5 37. exf5 Ke7 38. Rg1 Rag8 39. Qe1 Bh4 40. Qb1 Kf8 41. Rxg8+ Rxg8 42. f6 Bg2+ 43. Nxg2 Rxg2 44. Bf5 Rxf2+ 45. Kg4 Bxf6 46. Bc8 Nxd5 47. Bxa6 e4 48. Bb7 Nxc3 49. Qg1 Bd4 50. Qh1 e3 51. a6 c4 52. a7 Bxa7 53. Qh8+ Ke7 54. Qxc3 e2 55. Bf3 Rg2+ 56. Kh3 Bf2 57. Bxe2 Rg3+ 58. Qxg3 Bxg3 59. bxc4 bxc4 60. Kxg3 d5 61. Kf4 Kd6 62. Bh5 f6 63. Kf5 d4 64. Ke4 Kc5 65. Bf7 d3 66. Ke3 f5 67. Bg6 f4+ 68. Kxf4 Kd4 0-1

[Event "Reykjavik Open 2025"]
[Site "Reykjavik"]
[Date "2025.04.10"]
[Round "2.39"]
[White "Heimisson, Hilmir Freyr"]
[Black "De Mey, Juan Pablo"]
[Result "1-0"]
[Annotator "RC"]
[ECO "D31"]
[WhiteElo "2376"]
[BlackElo "2030"]
[PlyCount "85"]
[EventDate "2025.04.09"]
[EventType "swiss"]
[EventCountry "ISL"]
[SourceTitle "playchess.com"]
[Source "ChessBase"]
[SourceQuality "1"]
[TimeControl "40/5400+30:1800+30"]

1. d4 d5 2. c4 e6 3. Nc3 Be7 4. cxd5 exd5 5. Bf4 c6 6. e3 Bf5 7. Nge2 Nd7 8. h4 Nf8 9. h5 h6 10. Ng3 Bc8 11. Bd3 Ne6 12. Be5 Bf6 13. Nf5 Kf8 14. Bd6+ Be7 15. Bg3 Nf6 16. Qd2 b5 17. f3 Ng5 18. Nxe7 Kxe7 19. Ne2 a5 20. Qc3 Qb6 21. Rc1 Bd7 22. Be5 Ne8 23. Ng3 f6 24. Bf4 Nd6 25. O-O Rhd8 26. Bg6 Ngf7 27. e4 Kf8 28. Bxf7 Nxf7 29. exd5 Rac8 30. d6 Be6 31. Rfe1 Bxa2 32. Qa3 Qxd4+ 33. Be3 Qa4 34. d7+ Qxa3 35. dxc8=Q Qxe3+ 36. Rxe3 Rxc8 37. Ra1 Bd5 38. Rxa5 Nd6 39. Ra7 Nc4 40. Ree7 Nxb2 41. Nf5 Nd3 42. Rxg7 Nf4 43. Rh7 1-0

[Event "Reykjavik Open 2025"]
[Site "Reykjavik"]
[Date "2025.04.10"]
[Round "2.40"]
[White "Vihaan Karthikeya N"]
[Black "Thorfinnsson, Bragi"]
[Result "1-0"]
[Annotator "RC"]
[ECO "A83"]
[WhiteElo "2024"]
[BlackElo "2375"]
[PlyCount "61"]
[EventDate "2025.04.09"]
[EventType "swiss"]
[EventCountry "ISL"]
[SourceTitle "playchess.com"]
[Source "ChessBase"]
[SourceQuality "1"]
[TimeControl "40/5400+30:1800+30"]

1. d4 f5 2. e4 fxe4 3. Nc3 Nf6 4. Bg5 Nc6 5. d5 Ne5 6. Qd4 d6 7. Nxe4 c6 8. f4 Nf7 9. Bxf6 gxf6 10. O-O-O Bg7 11. Bd3 Qa5 12. Nc3 O-O 13. f5 c5 14. Qe4 b5 15. Kb1 c4 16. Bf1 b4 17. Nce2 Ng5 18. Qf4 Rb8 19. h4 Nf7 20. Nf3 c3 21. Ned4 Qxd5 22. Be2 Qc5 23. g4 Ne5 24. g5 b3 25. Nxb3 Rxb3 26. axb3 fxg5 27. Qxg5 Nf7 28. Qxe7 Bxf5 29. Rhg1 cxb2 30. Rxg7+ Kxg7 31. Nd4 1-0

[Event "Reykjavik Open 2025"]
[Site "Reykjavik"]
[Date "2025.04.10"]
[Round "2.41"]
[White "Song, Yuxin"]
[Black "Omarsson, Josef"]
[Result "1-0"]
[Annotator "RC"]
[ECO "B30"]
[WhiteElo "2371"]
[BlackElo "2011"]
[PlyCount "81"]
[EventDate "2025.04.09"]
[EventType "swiss"]
[EventCountry "ISL"]
[SourceTitle "playchess.com"]
[Source "ChessBase"]
[SourceQuality "1"]
[TimeControl "40/5400+30:1800+30"]

1. e4 c5 2. Nf3 Nc6 3. Bb5 e5 4. O-O Bd6 5. d4 Nxd4 6. Bc4 h6 7. Nxd4 cxd4 8. c3 Bc5 9. Qb3 Qe7 10. cxd4 Bxd4 11. Be3 Bxe3 12. fxe3 Nf6 13. Nc3 d6 14. Rxf6 gxf6 15. Nd5 Qd8 16. Rf1 f5 17. exf5 Bd7 18. Qxb7 Rc8 19. b3 Rg8 20. Rf2 Rg4 21. h3 Rg5 22. e4 Kf8 23. Qxa7 Bc6 24. Nb4 Be8 25. Qe3 Qa5 26. h4 Rh5 27. f6 Bb5 28. Qg3 Bxc4 29. bxc4 Qxb4 30. Qg7+ Ke8 31. Qg8+ Kd7 32. Qxf7+ Kc6 33. Qxh5 Qe1+ 34. Rf1 Qe3+ 35. Kh2 Rg8 36. Qf3 Qa7 37. f7 Rf8 38. Qd3 Qe7 39. Qd5+ Kc7 40. Qa5+ Kc6 41. Qa6+ 1-0

[Event "Reykjavik Open 2025"]
[Site "Reykjavik"]
[Date "2025.04.10"]
[Round "2.42"]
[White "Wartiovaara, Oliver"]
[Black "Arun, Nitish"]
[Result "0-1"]
[Annotator "RC"]
[ECO "B12"]
[WhiteElo "2359"]
[BlackElo "2004"]
[PlyCount "96"]
[EventDate "2025.04.09"]
[EventType "swiss"]
[EventCountry "ISL"]
[SourceTitle "playchess.com"]
[Source "ChessBase"]
[SourceQuality "1"]
[TimeControl "40/5400+30:1800+30"]

1. e4 c6 2. d4 d5 3. e5 Bf5 4. h4 h6 5. g4 Bd7 6. h5 c5 7. Nc3 e6 8. Be3 Qc7 9. Nf3 c4 10. Nh4 Bb4 11. f4 Nc6 12. f5 O-O-O 13. fxe6 Bxe6 14. Bh3 Qd7 15. Nf5 f6 16. exf6 Nxf6 17. O-O Bxc3 18. bxc3 Kb8 19. Qf3 Ka8 20. Rae1 Ne4 21. Bf4 Rhf8 22. Re2 Rde8 23. Rg2 Rf7 24. Bc1 Ne7 25. Kh2 Ng8 26. Bf4 Ngf6 27. Be5 Ng5 28. Qg3 Nfe4 29. Qe3 Nxh3 30. Qxh3 Ng5 31. Qg3 Ref8 32. Qf4 Bxf5 33. gxf5 Rxf5 34. Qg4 Qe6 35. Rxf5 Rf7 36. Rf6 Rxf6 37. Bf4 Rf5 38. Bxg5 a6 39. Qe2 hxg5 40. Kg1 Qd7 41. Rf2 Rf4 42. Rxf4 gxf4 43. Kf2 Qh3 44. Qe8+ Ka7 45. Qe7 Qg3+ 46. Ke2 f3+ 47. Kd1 Qf4 48. Qe5 Qg4 0-1

[Event "Reykjavik Open 2025"]
[Site "Reykjavik"]
[Date "2025.04.10"]
[Round "2.43"]
[White "Woods, Yannick"]
[Black "Bekker, Stefan"]
[Result "0-1"]
[Annotator "ChessBase"]
[ECO "B94"]
[WhiteElo "1979"]
[BlackElo "2358"]
[PlyCount "112"]
[EventDate "2025.04.09"]
[EventType "swiss"]
[EventCountry "ISL"]
[SourceTitle "playchess.com"]
[Source "ChessBase"]
[SourceQuality "1"]
[TimeControl "40/5400+30:1800+30"]

1. e4 c5 2. Nf3 d6 3. d4 cxd4 4. Nxd4 Nf6 5. Nc3 a6 6. Bg5 Nbd7 7. Bc4 Qb6 8. Bb3 e6 9. Be3 Nc5 10. f3 h5 11. Qe2 Be7 12. O-O-O Bd7 13. Kb1 O-O-O 14. Bg5 Kb8 15. f4 Bc8 16. Rhf1 Rhe8 17. e5 dxe5 18. fxe5 Rxd4 19. Rxd4 Nxb3 20. Rdd1 Nd4 21. Qc4 Nb5 22. Nxb5 axb5 23. Qf4 Nd5 24. Qxf7 Bxg5 25. Qxe8 Ne3 26. Rf8 Qc5 27. Rh1 Qxc2+ 28. Ka1 Qc5 29. h4 Bh6 30. Qd8 Nc4 31. Rd1 Nxe5 32. Qd6+ Qxd6 33. Rxd6 Kc7 34. Rd4 Bd7 35. Kb1 Bc6 36. g3 Nf3 37. Rf7+ Kb6 38. Rd6 Nd2+ 39. Kc2 Ne4 40. Rxe6 Nxg3 41. Kd3 Kc5 42. Rxc6+ bxc6 43. Rf3 Nh1 44. Ke2 Kd4 45. Rd3+ Ke4 46. Rh3 g5 47. Rxh1 g4 48. Rd1 Bg7 49. Rd6 c5 50. b3 Bd4 51. a4 c4 52. bxc4 bxa4 53. Ra6 g3 54. Rxa4 g2 55. Ra1 Kf4 56. Rd1 Kg3 0-1

[Event "Reykjavik Open 2025"]
[Site "Reykjavik"]
[Date "2025.04.10"]
[Round "2.44"]
[White "Li, Guohao"]
[Black "Termeulen, Albert"]
[Result "1-0"]
[Annotator "ChessBase"]
[ECO "E63"]
[WhiteElo "2356"]
[BlackElo "1999"]
[PlyCount "75"]
[EventDate "2025.04.09"]
[EventType "swiss"]
[EventCountry "ISL"]
[SourceTitle "playchess.com"]
[Source "ChessBase"]
[SourceQuality "1"]
[TimeControl "40/5400+30:1800+30"]

1. d4 Nf6 2. Nf3 g6 3. c4 Bg7 4. g3 O-O 5. Bg2 d6 6. O-O Nc6 7. Nc3 a6 8. h3 Rb8 9. e4 b5 10. d5 Na5 11. cxb5 axb5 12. b4 Nc4 13. Nd4 Bd7 14. a4 bxa4 15. b5 e6 16. Qd3 exd5 17. exd5 Nb6 18. Be3 Re8 19. Nc6 Bxc6 20. dxc6 Nh5 21. Ra3 Rxe3 22. fxe3 Nxg3 23. Rf2 Qg5 24. Nd5 Nxd5 25. Qxd5 Nf5 26. Qd3 h5 27. Rxf5 gxf5 28. Rxa4 Be5 29. Kf1 Bg3 30. Ke2 Re8 31. Bd5 f4 32. Re4 Re5 33. Rxe5 Qxe5 34. Kf3 fxe3 35. Qg6+ Kh8 36. Qxf7 Qg5 37. Qf8+ Kh7 38. Be4+ 1-0